COLUMBUS vs CAROLINA

Created - January 2, 2021 at 17:44

Goals
1 2 3 OT1 SO T
COLUMBUS 1 0 1 0 2 3
CAROLINA 1 1 0 0 1 2
Shots
1 2 3 OT1 SO T
COLUMBUS 10 10 12 1 3 33
CAROLINA 8 9 3 2 3 22

1st period

1. COLUMBUS , Cam Atkinson 1 (John Carlson 1) at 13:14
2. CAROLINA , Patrice Bergeron 1 (Vladimir Tarasenko 1, Brent Burns 1) at 15:54 (PP)

Penalties :
Matt Martin (CAR) for Tripping (Minor) at 2:32, Ben Chiarot (CBJ) for Hooking (Minor) at 2:32, Erik Cernak (CBJ) for Hooking (Minor) at 15:36, Duncan Keith (CAR) for Holding (Minor) at 18:29

2nd period

3. CAROLINA , Patrice Bergeron 2 (Brent Burns 2, Shea Weber 1) at 11:29

Penalties :
Matt Martin (CAR) for Fighting (Major) at 8:36, Derek Grant (CBJ) for Fighting (Major) at 8:36, Deryk Engelland (CAR) for Roughing (Minor) at 8:55, Luke Kunin (CBJ) for High sticking (Minor) at 8:57, Matt Martin (CAR) for High sticking (Minor) at 18:06

3rd period

4. COLUMBUS , Kaapo Kakko 1 (Cam Atkinson 1, Ben Chiarot 1) at 15:12

Penalties :
Matt Benning (CAR) for Hooking (Minor) at 2:58, Derek Grant (CBJ) for Hooking (Minor) at 5:14, Jacob Trouba (CBJ) for High sticking (Double Minor) at 19:48

Overtime #1

No Goal

Penalties :
No Penalty

Shootout

COLUMBUS, Aleksander Barkov - Goal!
CAROLINA, Patrice Bergeron - Stopped by Jordan Binnington
COLUMBUS, Steven Stamkos - Stopped by Sergei Bobrovsky
CAROLINA, Claude Giroux - Goal!
COLUMBUS, T.J. Oshie - Goal!
CAROLINA, Nicklas Backstrom - Stopped by Jordan Binnington

Penalties :
No Penalty

Goalie Stats

Jordan Binnington (CBJ), 20 saves from 22 shots - (0.909), W, 1-0-0, 65:00 minutes
Sergei Bobrovsky (CAR), 31 saves from 33 shots - (0.939), OTL, 0-0-1, 65:00 minutes

Players Stats for COLUMBUS

Player Name              G  A  P  +/- PIM S  H  SB GA TA FO     MP     PP MP  PK MP  
------------------------------------------------------------------------------------
Aleksander Barkov        0  0  0   0  0   3  0  0  0  0  14/23  23:40   2:59   1:58 
Anthony Beauvillier      0  0  0   0  0   2  1  0  0  0  0/0    20:54   2:59   0:00 
Ben Chiarot              0  1  1   1  2   0  4  1  0  0  0/0    23:11   2:57   2:56 
Cam Atkinson             1  1  2   2  0   4  0  0  0  0  0/1    12:34   0:00   0:00 
Carl Gunnarsson          0  0  0  -1  0   0  0  1  0  0  0/0     4:39   0:00   0:44 
Derek Grant              0  0  0   2  7   2  2  0  0  0  10/17  14:23   0:00   2:09 
Erik Cernak              0  0  0   0  2   1  3  2  0  0  0/0    14:34   0:00   0:50 
Jack Roslovic            0  0  0   0  0   2  0  0  0  0  1/1     6:06   0:00   0:14 
Jacob Trouba             0  0  0   1  4   3  3  0  0  0  0/0    23:12   2:57   1:11 
John Carlson             0  1  1   0  0   1  4  1  0  0  0/0    26:17   3:02   2:46 
Jonathan Drouin          0  0  0  -1  0   0  1  0  0  0  0/0    16:43   3:00   0:00 
Kaapo Kakko              1  0  1   2  0   3  1  0  0  0  0/2    13:23   0:00   0:00 
Luke Kunin               0  0  0  -1  2   1  3  0  0  0  6/22   16:42   2:59   0:00 
Marcus Sorensen          0  0  0   0  0   0  0  0  0  0  0/0     7:31   0:00   0:51 
Mattias Ekholm           0  0  0   1  0   1  0  1  0  0  0/0    22:22   3:02   2:46 
Ryan Murray              0  0  0   0  0   0  0  2  0  0  0/0    14:30   0:00   1:19 
Sean Kuraly              0  0  0   0  0   0  0  0  0  0  5/10    8:50   0:00   2:15 
Steven Stamkos           0  0  0   0  0   5  1  0  0  0  3/3    19:55   2:59   0:00 
T.J. Oshie               0  0  0  -1  0   5  3  0  0  0  1/1    19:04   3:00   1:17 

Players Stats for CAROLINA

Player Name              G  A  P  +/- PIM S  H  SB GA TA FO     MP     PP MP  PK MP  
------------------------------------------------------------------------------------
Adam Henrique            0  0  0  -1  0   0  0  0  0  0  2/3    16:13   0:00   0:00 
Alexander Radulov        0  0  0   0  0   2  2  0  0  0  0/0    15:57   1:15   0:00 
Brent Burns              0  2  2   1  0   0  4  2  0  0  0/0    28:59   1:22   3:24 
CAR Cap Hit              0  0  0   0  0   0  0  0  0  0  0/0     5:11   0:00   0:00 
Claude Giroux            0  0  0   0  0   2  0  1  0  0  1/1    22:40   1:13   4:13 
David Kampf              0  0  0  -1  0   5  0  1  0  0  6/13   16:33   0:00   0:44 
Deryk Engelland          0  0  0  -1  2   0  2  0  0  0  0/0    19:35   1:06   2:35 
Dominik Kubalik          0  0  0   0  0   0  1  0  0  0  0/3    17:09   1:15   0:24 
Duncan Keith             0  0  0  -1  2   0  0  0  0  0  0/0    19:46   1:06   1:59 
Joel L'Esperance         0  0  0   0  0   0  0  0  0  0  0/0     7:28   0:00   0:00 
Matt Benning             0  0  0  -1  2   0  1  0  0  0  0/0    15:25   0:00   0:36 
Matt Martin              0  0  0  -1  9   0  3  1  0  0  1/1    13:42   0:00   0:00 
Nicklas Backstrom        0  0  0   0  0   2  0  0  0  0  6/18   19:55   1:15   1:22 
Patrice Bergeron         2  0  2   0  0   9  1  0  0  0  21/30  26:36   1:13   3:53 
Sam Lafferty             0  0  0   0  0   0  0  1  0  0  2/10    7:28   0:00   0:00 
Sebastian Aho            0  0  0  -1  0   1  1  1  0  0  0/0    15:57   0:00   0:00 
Shea Weber               0  1  1   1  0   0  2  3  0  0  0/0    24:12   1:22   3:24 
Vladimir Tarasenko       0  1  1   0  0   1  0  0  0  0  1/1    16:01   1:13   1:22 

3 Stars

1 - Cam Atkinson (CBJ)
2 - Patrice Bergeron (CAR)
3 - Brent Burns (CAR)

Power Play

COLUMBUS - 0 on 4 Attempt(s) - 0.00%
CAROLINA - 1 on 5 Attempt(s) - 20.00%

Penalty Kill

COLUMBUS - 4 on 5 Attempt(s) - 80.00% - Score 0 goal in Penalty Kill
CAROLINA - 4 on 4 Attempt(s) - 100.00% - Score 0 goal in Penalty Kill

Team Stat

COLUMBUS - Hits : 26 - Faceoff Wins : 40 - Blocked Shots : 8 - Penalty Minutes : 17
CAROLINA - Hits : 17 - Faceoff Wins : 40 - Blocked Shots : 10 - Penalty Minutes : 15

Official

Referees : Reid Anderson and Robert Hennessey
Linesman : Steven Walsh and Ken Bonham

Game Notes

Matt Martin and Derek Grant fight to a draw at 8:36 of 2nd period

Finance

Level 1 -- Attendance: 4365 (72.75%) -- Ticket Income $436,500
Level 2 -- Attendance: 4089 (81.78%) -- Ticket Income $245,340
Level 3 -- Attendance: 1759 (87.95%) -- Ticket Income $61,565
Level 4 -- Attendance: 3636 (90.90%) -- Ticket Income $72,720
Luxury Box -- Attendance: 671 (67.10%) -- Ticket Income $134,200
Game was played at the PNC Center.
Total Attendance: 14520 (80.67%)
Total Ticket Income: $950,325
Total Income: $950,325

COLUMBUS

5 vs 5 Forward 
   Center                   Left Wing                Right Wing               Time % Phy DF OF 
 1 Aleksander Barkov        Anthony Beauvillier      Steven Stamkos           35     1   2  2  
 2 Luke Kunin               Jonathan Drouin          T.J. Oshie               30     1   2  2  
 3 Derek Grant              Kaapo Kakko              Cam Atkinson             25     1   2  2  
 4 Sean Kuraly              Marcus Sorensen          Jack Roslovic            10     1   2  2  

5 vs 5 Defense 
   Defense                  Defense                                           Time % Phy DF OF 
 1 John Carlson             Mattias Ekholm                                    35     1   2  2  
 2 Jacob Trouba             Ben Chiarot                                       30     1   2  2  
 3 Erik Cernak              Ryan Murray                                       25     1   2  2  
 4 Carl Gunnarsson          John Carlson                                      10     1   2  2  

PowerPlay Forward 
   Center                   Left Wing                Right Wing               Time % Phy DF OF 
 1 Aleksander Barkov        Anthony Beauvillier      Steven Stamkos           60     1   2  2  
 2 Luke Kunin               Jonathan Drouin          T.J. Oshie               40     1   2  2  

PowerPlay Defense
   Defense                  Defense                                           Time % Phy DF OF 
 1 John Carlson             Mattias Ekholm                                    60     1   2  2  
 2 Jacob Trouba             Ben Chiarot                                       40     1   2  2  

Penalty Kill 4 Players Forward 
   Center                   Wing                     Time % Phy DF OF 
 1 Derek Grant              T.J. Oshie               60     1   2  2  
 2 Luke Kunin               Sean Kuraly              40     1   2  2  

Penalty Kill 4 Players Defense
   Defense                  Defense                  Time % Phy DF OF 
 1 John Carlson             Mattias Ekholm           60     1   2  2  
 2 Jacob Trouba             Ben Chiarot              40     1   2  2  

Penalty Kill - 3 Players Forward 
   Forward                                           Time % Phy DF OF 
 1 Derek Grant                                       60     1   2  2  
 2 Sean Kuraly                                       40     1   2  2  

Penalty Kill - 3 Players Defense
   Defense                  Defense                  Time % Phy DF OF 
 1 John Carlson             Mattias Ekholm           60     1   2  2  
 2 Jacob Trouba             Ben Chiarot              40     1   2  2  

4 vs 4 Forward 
   Center                   Wing                     Time % Phy DF OF 
 1 Aleksander Barkov        Anthony Beauvillier      60     1   2  2  
 2 Steven Stamkos           T.J. Oshie               40     1   2  2  

4 vs 4 Defense
   Defense                  Defense                  Time % Phy DF OF 
 1 John Carlson             Mattias Ekholm           60     1   2  2  
 2 Jacob Trouba             Ben Chiarot              40     1   2  2  

Last Minutes Offensive
   Center                   Left Wing                Right Wing               Defense                  Defense                  
   Aleksander Barkov        Anthony Beauvillier      Steven Stamkos           John Carlson             Mattias Ekholm           

Last Minutes Defensive
   Center                   Left Wing                Right Wing               Defense                  Defense                  
   Aleksander Barkov        Anthony Beauvillier      Steven Stamkos           John Carlson             Mattias Ekholm           

Goaltenders
Starting : Jordan Binnington        
Backup : David Rittich            

Extra Forwards
Normal : Kaapo Kakko, Derek Grant, Sean Kuraly - PP : Kaapo Kakko, Derek Grant - PK : Sean Kuraly
Extra Defensemen
Normal : Erik Cernak, Ryan Murray, Carl Gunnarsson - PP : Erik Cernak - PK : Ryan Murray, Carl Gunnarsson
Penalty Shots
Aleksander Barkov, Steven Stamkos, T.J. Oshie, Cam Atkinson, Anthony Beauvillier

Scratches
Emil Bemstrom (Healthy), CBJ Cap Hit (Suspend)

CAROLINA

5 vs 5 Forward 
   Center                   Left Wing                Right Wing               Time % Phy DF OF 
 1 Patrice Bergeron         Claude Giroux            Vladimir Tarasenko       35     1   2  2  
 2 Nicklas Backstrom        Dominik Kubalik          Alexander Radulov        30     1   2  2  
 3 David Kampf              Matt Martin              Adam Henrique            25     1   2  2  
 4 Sam Lafferty             Patrice Bergeron         Joel L'Esperance         10     1   2  2  

5 vs 5 Defense 
   Defense                  Defense                                           Time % Phy DF OF 
 1 Brent Burns              Shea Weber                                        35     1   2  2  
 2 Duncan Keith             Deryk Engelland                                   30     1   2  2  
 3 Sebastian Aho            Matt Benning                                      25     1   2  2  
 4 CAR Cap Hit              Brent Burns                                       10     1   2  2  

PowerPlay Forward 
   Center                   Left Wing                Right Wing               Time % Phy DF OF 
 1 Patrice Bergeron         Claude Giroux            Vladimir Tarasenko       60     1   2  2  
 2 Nicklas Backstrom        Dominik Kubalik          Alexander Radulov        40     1   2  2  

PowerPlay Defense
   Defense                  Defense                                           Time % Phy DF OF 
 1 Brent Burns              Shea Weber                                        60     1   2  2  
 2 Duncan Keith             Deryk Engelland                                   40     1   2  2  

Penalty Kill 4 Players Forward 
   Center                   Wing                     Time % Phy DF OF 
 1 Patrice Bergeron         Claude Giroux            60     1   2  2  
 2 Nicklas Backstrom        Vladimir Tarasenko       40     1   2  2  

Penalty Kill 4 Players Defense
   Defense                  Defense                  Time % Phy DF OF 
 1 Brent Burns              Shea Weber               60     1   2  2  
 2 Duncan Keith             Deryk Engelland          40     1   2  2  

Penalty Kill - 3 Players Forward 
   Forward                                           Time % Phy DF OF 
 1 Patrice Bergeron                                  60     1   2  2  
 2 Claude Giroux                                     40     1   2  2  

Penalty Kill - 3 Players Defense
   Defense                  Defense                  Time % Phy DF OF 
 1 Brent Burns              Shea Weber               60     1   2  2  
 2 Duncan Keith             Deryk Engelland          40     1   2  2  

4 vs 4 Forward 
   Center                   Wing                     Time % Phy DF OF 
 1 Patrice Bergeron         Claude Giroux            60     1   2  2  
 2 Nicklas Backstrom        Vladimir Tarasenko       40     1   2  2  

4 vs 4 Defense
   Defense                  Defense                  Time % Phy DF OF 
 1 Brent Burns              Shea Weber               60     1   2  2  
 2 Duncan Keith             Deryk Engelland          40     1   2  2  

Last Minutes Offensive
   Center                   Left Wing                Right Wing               Defense                  Defense                  
   Patrice Bergeron         Claude Giroux            Vladimir Tarasenko       Brent Burns              Shea Weber               

Last Minutes Defensive
   Center                   Left Wing                Right Wing               Defense                  Defense                  
   Patrice Bergeron         Claude Giroux            Vladimir Tarasenko       Brent Burns              Shea Weber               

Goaltenders
Starting : Sergei Bobrovsky         
Backup : Scott Wedgewood          

Extra Forwards
Normal : Adam Henrique, Matt Martin, David Kampf - PP : Adam Henrique, Matt Martin - PK : David Kampf
Extra Defensemen
Normal : Sebastian Aho, Matt Benning, CAR Cap Hit - PP : Sebastian Aho - PK : Matt Benning, CAR Cap Hit
Penalty Shots
Patrice Bergeron, Claude Giroux, Nicklas Backstrom, Vladimir Tarasenko, Alexander Radulov

Scratches
Ryan Hartman (Healthy)

% Time on Ice - COLUMBUS

Lines # - Real PCT - Wanted PCT - Time Play
Normal Forward
1 - 33% - 35% - 15:52
2 - 29% - 30% - 13:43
3 - 26% - 25% - 12:34
4 - 11% - 10% - 5:28
Normal Defense
1 - 29% - 35% - 13:56
2 - 35% - 30% - 16:35
3 - 28% - 25% - 13:11
4 - 8% - 10% - 3:55
PP Forward
1 - 50% - 60% - 2:59
2 - 50% - 40% - 3:00
PP Defense
1 - 51% - 60% - 3:02
2 - 49% - 40% - 2:57
PK Forward
1 - 100% - 60% - 2:28
2 - 0% - 40% - 0:00
PK Defense
1 - 52% - 60% - 1:17
2 - 48% - 40% - 1:11
PK3 Forward
1 - 76% - 60% - 2:54
2 - 24% - 40% - 0:54
PK3 Defense
1 - 39% - 60% - 1:29
2 - 61% - 40% - 2:19
44 Forward
1 - 73% - 60% - 2:52
2 - 27% - 40% - 1:04
44 Defense
1 - 67% - 60% - 2:38
2 - 33% - 40% - 1:18
Last Minute Offensive  - 0:00
Last Minute Defensive  - 0:00
Total
Forward - 63:48
Defense - 63:48

% Time on Ice - CAROLINA

Lines # - Real PCT - Wanted PCT - Time Play
Normal Forward
1 - 23% - 35% - 10:50
2 - 31% - 30% - 14:42
3 - 31% - 25% - 14:37
4 - 16% - 10% - 7:28
Normal Defense
1 - 31% - 35% - 14:44
2 - 29% - 30% - 13:40
3 - 31% - 25% - 14:50
4 - 9% - 10% - 4:23
PP Forward
1 - 49% - 60% - 1:13
2 - 51% - 40% - 1:15
PP Defense
1 - 55% - 60% - 1:22
2 - 45% - 40% - 1:06
PK Forward
1 - 77% - 60% - 4:37
2 - 23% - 40% - 1:22
PK Defense
1 - 57% - 60% - 3:24
2 - 43% - 40% - 2:35
PK3 Forward
1 - 0% - 60%
2 - 0% - 40%
PK3 Defense
1 - 0% - 60%
2 - 0% - 40%
44 Forward
1 - 66% - 60% - 5:08
2 - 34% - 40% - 2:36
44 Defense
1 - 61% - 60% - 4:42
2 - 39% - 40% - 3:02
Last Minute Offensive  - 0:00
Last Minute Defensive  - 0:00
Total
Forward - 63:48
Defense - 63:48

Play-by-Play

1st period


0:01 of 1st period - Patrice Bergeron wins face-off versus Aleksander Barkov in neutral zone.
0:12 of 1st period - Shot by Patrice Bergeron.
0:12 of 1st period - Stopped by Jordan Binnington without a rebound.
0:13 of 1st period - Nicklas Backstrom wins face-off versus Luke Kunin in COLUMBUS zone.
0:22 of 1st period - Shot by Alexander Radulov.
0:22 of 1st period - Stopped by Jordan Binnington without a rebound.
0:23 of 1st period - Derek Grant wins face-off versus David Kampf in COLUMBUS zone.
0:34 of 1st period - Shot by Kaapo Kakko.
0:34 of 1st period - Stopped by Sergei Bobrovsky without a rebound.
0:35 of 1st period - Sam Lafferty wins face-off versus Sean Kuraly in CAROLINA zone.
0:52 of 1st period - Shot by Patrice Bergeron.
0:52 of 1st period - Stopped by Jordan Binnington with a rebound.
1:51 of 1st period - Dominik Kubalik is hit by Ben Chiarot and loses puck.
1:58 of 1st period - Shot by Nicklas Backstrom.
1:58 of 1st period - Shot Misses the Net.
2:32 of 1st period - Minor Penalty to Matt Martin for Tripping.
2:32 of 1st period - Minor Penalty to Ben Chiarot for Hooking.
2:33 of 1st period - Patrice Bergeron wins face-off versus Kaapo Kakko in COLUMBUS zone.
2:36 of 1st period - Shot by Patrice Bergeron.
2:36 of 1st period - Shot Misses the Net.
4:35 of 1st period - Icing by Sebastian Aho.
4:36 of 1st period - Nicklas Backstrom wins face-off versus Luke Kunin in CAROLINA zone.
4:59 of 1st period - Shot by Luke Kunin.
4:59 of 1st period - Stopped by Sergei Bobrovsky without a rebound.
5:00 of 1st period - Derek Grant wins face-off versus Sam Lafferty in CAROLINA zone.
5:27 of 1st period - Shot by Patrice Bergeron.
5:27 of 1st period - Stopped by Jordan Binnington without a rebound.
5:28 of 1st period - Matt Martin wins face-off versus Luke Kunin in COLUMBUS zone.
5:31 of 1st period - Shot by David Kampf.
5:31 of 1st period - Stopped by Jordan Binnington without a rebound.
5:32 of 1st period - David Kampf wins face-off versus Luke Kunin in COLUMBUS zone.
5:32 of 1st period - Adam Henrique is hit by John Carlson and loses puck.
5:41 of 1st period - Shot by T.J. Oshie.
5:41 of 1st period - Stopped by Sergei Bobrovsky without a rebound.
5:42 of 1st period - Patrice Bergeron wins face-off versus Derek Grant in CAROLINA zone.
5:51 of 1st period - Shot by Derek Grant.
5:51 of 1st period - Stopped by Sergei Bobrovsky without a rebound.
5:52 of 1st period - Patrice Bergeron wins face-off versus Luke Kunin in CAROLINA zone.
6:07 of 1st period - Shot by Claude Giroux.
6:07 of 1st period - Shot Misses the Net.
6:13 of 1st period - Shot by Claude Giroux.
6:13 of 1st period - Deflect By Patrice Bergeron.
6:13 of 1st period - Shot Misses the Net.
7:25 of 1st period - Shot by Aleksander Barkov.
7:25 of 1st period - Stopped by Sergei Bobrovsky without a rebound.
7:26 of 1st period - Derek Grant wins face-off versus Nicklas Backstrom in CAROLINA zone.
7:27 of 1st period - Shot by Cam Atkinson.
7:27 of 1st period - Stopped by Sergei Bobrovsky without a rebound.
7:28 of 1st period - Derek Grant wins face-off versus Nicklas Backstrom in CAROLINA zone.
8:07 of 1st period - Shot by Dominik Kubalik.
8:07 of 1st period - Deflect By Alexander Radulov.
8:07 of 1st period - Shot Misses the Net.
8:39 of 1st period - Shot by Vladimir Tarasenko.
8:39 of 1st period - Stopped by Jordan Binnington without a rebound.
8:40 of 1st period - David Kampf wins face-off versus Aleksander Barkov in COLUMBUS zone.
8:40 of 1st period - David Kampf is hit by John Carlson.
8:42 of 1st period - Shot by Adam Henrique.
8:42 of 1st period - Shot Misses the Net.
9:38 of 1st period - Shot by T.J. Oshie.
9:38 of 1st period - Stopped by Sergei Bobrovsky with a rebound.
10:52 of 1st period - Shot by Vladimir Tarasenko.
10:52 of 1st period - Shot Misses the Net.
10:54 of 1st period - Shot by Brent Burns.
10:54 of 1st period - Shot Blocked by Carl Gunnarsson.
11:05 of 1st period - Marcus Sorensen is hit by Brent Burns and loses puck.
11:19 of 1st period - Icing by Shea Weber.
11:20 of 1st period - Steven Stamkos wins face-off versus Patrice Bergeron in CAROLINA zone.
11:58 of 1st period - Shot by Dominik Kubalik.
11:58 of 1st period - Shot Misses the Net.
12:03 of 1st period - Jacob Trouba is hit by Deryk Engelland and loses puck.
12:13 of 1st period - Deryk Engelland is hit by T.J. Oshie and loses puck.
12:48 of 1st period - Shot by T.J. Oshie.
12:48 of 1st period - Stopped by Sergei Bobrovsky without a rebound.
12:49 of 1st period - Derek Grant wins face-off versus Sam Lafferty in CAROLINA zone.
13:14 of 1st period - Shot by Cam Atkinson.
13:14 of 1st period - Goal by Cam Atkinson - COLUMBUS : 1 - CAROLINA : 0.
13:15 of 1st period - Nicklas Backstrom wins face-off versus Sean Kuraly in neutral zone.
13:40 of 1st period - Jacob Trouba is hit by Alexander Radulov and loses puck.
14:01 of 1st period - Marcus Sorensen is hit by Matt Benning and loses puck.
14:26 of 1st period - Shot by David Kampf.
14:26 of 1st period - Stopped by Jordan Binnington without a rebound.
14:27 of 1st period - Patrice Bergeron wins face-off versus Luke Kunin in COLUMBUS zone.
14:27 of 1st period - Patrice Bergeron is hit by John Carlson.
15:13 of 1st period - Jonathan Drouin is hit by Dominik Kubalik.
15:24 of 1st period - Brent Burns is hit by Erik Cernak and loses puck.
15:28 of 1st period - Dominik Kubalik is hit by Erik Cernak and loses puck.
15:36 of 1st period - Minor Penalty to Erik Cernak for Hooking.
15:37 of 1st period - Patrice Bergeron wins face-off versus Derek Grant in COLUMBUS zone.
15:37 of 1st period - Claude Giroux is hit by Jacob Trouba and loses puck.
15:52 of 1st period - Shot by Vladimir Tarasenko.
15:52 of 1st period - Shot Misses the Net.
15:54 of 1st period - Shot by Patrice Bergeron.
15:54 of 1st period - Goal by Patrice Bergeron - COLUMBUS : 1 - CAROLINA : 1.
15:55 of 1st period - Aleksander Barkov wins face-off versus David Kampf in neutral zone.
16:53 of 1st period - Duncan Keith is hit by Steven Stamkos.
17:09 of 1st period - Shot by Dominik Kubalik.
17:09 of 1st period - Shot Misses the Net.
17:29 of 1st period - Icing by Patrice Bergeron.
17:30 of 1st period - Patrice Bergeron wins face-off versus Cam Atkinson in CAROLINA zone.
18:01 of 1st period - Icing by Claude Giroux.
18:02 of 1st period - Patrice Bergeron wins face-off versus Luke Kunin in CAROLINA zone.
18:10 of 1st period - Icing by Ben Chiarot.
18:11 of 1st period - Nicklas Backstrom wins face-off versus Luke Kunin in COLUMBUS zone.
18:22 of 1st period - Nicklas Backstrom is hit by T.J. Oshie and loses puck.
18:26 of 1st period - Icing by Deryk Engelland.
18:27 of 1st period - Derek Grant wins face-off versus Nicklas Backstrom in CAROLINA zone.
18:27 of 1st period - John Carlson is hit by Deryk Engelland and loses puck.
18:29 of 1st period - Minor Penalty to Duncan Keith for Holding.
18:30 of 1st period - Patrice Bergeron wins face-off versus Luke Kunin in CAROLINA zone.
19:09 of 1st period - Shot by John Carlson.
19:09 of 1st period - Stopped by Sergei Bobrovsky without a rebound.
19:10 of 1st period - Aleksander Barkov wins face-off versus Patrice Bergeron in CAROLINA zone.
Goals for this period are 1 for COLUMBUS vs 1 for CAROLINA.
Shots for this period are 10 for COLUMBUS vs 8 for CAROLINA.

2nd period


0:01 of 2nd period - Aleksander Barkov wins face-off versus Patrice Bergeron in neutral zone.
0:16 of 2nd period - Shot by Steven Stamkos.
0:16 of 2nd period - Shot Blocked by Brent Burns.
0:18 of 2nd period - Shot by Aleksander Barkov.
0:18 of 2nd period - Shot Misses the Net.
0:20 of 2nd period - Shot by Anthony Beauvillier.
0:20 of 2nd period - Shot Blocked by Brent Burns.
0:28 of 2nd period - Shot by Steven Stamkos.
0:28 of 2nd period - Stopped by Sergei Bobrovsky with a rebound.
0:38 of 2nd period - Shot by Cam Atkinson.
0:38 of 2nd period - Shot Misses the Net.
1:06 of 2nd period - Shot by Kaapo Kakko.
1:06 of 2nd period - Stopped by Sergei Bobrovsky without a rebound.
1:07 of 2nd period - David Kampf wins face-off versus Luke Kunin in CAROLINA zone.
1:12 of 2nd period - Mattias Ekholm is hit by Matt Martin.
1:19 of 2nd period - Off-side.
1:20 of 2nd period - Patrice Bergeron wins face-off versus Aleksander Barkov in neutral zone.
1:25 of 2nd period - Shot by Vladimir Tarasenko.
1:25 of 2nd period - Shot Misses the Net.
2:47 of 2nd period - Shot by T.J. Oshie.
2:47 of 2nd period - Shot Misses the Net.
3:38 of 2nd period - Icing by Jacob Trouba.
3:39 of 2nd period - Nicklas Backstrom wins face-off versus Derek Grant in COLUMBUS zone.
4:49 of 2nd period - Shot by Steven Stamkos.
4:49 of 2nd period - Shot Blocked by Sebastian Aho.
5:13 of 2nd period - Shot by Patrice Bergeron.
5:13 of 2nd period - Stopped by Jordan Binnington without a rebound.
5:14 of 2nd period - Sean Kuraly wins face-off versus Sam Lafferty in COLUMBUS zone.
5:16 of 2nd period - Icing by John Carlson.
5:17 of 2nd period - Jack Roslovic wins face-off versus Sam Lafferty in COLUMBUS zone.
5:29 of 2nd period - Shot by Jack Roslovic.
5:29 of 2nd period - Shot Hit the Post.
5:31 of 2nd period - Shot by Jack Roslovic.
5:31 of 2nd period - Stopped by Sergei Bobrovsky without a rebound.
5:32 of 2nd period - T.J. Oshie wins face-off versus Nicklas Backstrom in CAROLINA zone.
5:35 of 2nd period - Shot by T.J. Oshie.
5:35 of 2nd period - Stopped by Sergei Bobrovsky with a rebound.
5:37 of 2nd period - Shot by Jacob Trouba.
5:37 of 2nd period - Stopped by Sergei Bobrovsky without a rebound.
5:38 of 2nd period - Luke Kunin wins face-off versus Nicklas Backstrom in CAROLINA zone.
5:38 of 2nd period - Luke Kunin is hit by Brent Burns.
5:45 of 2nd period - Jonathan Drouin is hit by Brent Burns and loses puck.
6:31 of 2nd period - Icing by Luke Kunin.
6:32 of 2nd period - Patrice Bergeron wins face-off versus Luke Kunin in COLUMBUS zone.
6:34 of 2nd period - Vladimir Tarasenko is hit by Ben Chiarot and loses puck.
6:55 of 2nd period - Shot by Patrice Bergeron.
6:55 of 2nd period - Stopped by Jordan Binnington without a rebound.
6:56 of 2nd period - David Kampf wins face-off versus Aleksander Barkov in COLUMBUS zone.
7:01 of 2nd period - Shot by Adam Henrique.
7:01 of 2nd period - Shot Misses the Net.
7:16 of 2nd period - Adam Henrique is hit by John Carlson and loses puck.
7:19 of 2nd period - Shot by Matt Benning.
7:19 of 2nd period - Shot Misses the Net.
7:21 of 2nd period - Shot by David Kampf.
7:21 of 2nd period - Shot Misses the Net.
7:25 of 2nd period - Shot by David Kampf.
7:25 of 2nd period - Stopped by Jordan Binnington without a rebound.
7:26 of 2nd period - Patrice Bergeron wins face-off versus Derek Grant in COLUMBUS zone.
7:31 of 2nd period - Shot by Claude Giroux.
7:31 of 2nd period - Stopped by Jordan Binnington without a rebound.
7:32 of 2nd period - Derek Grant wins face-off versus Patrice Bergeron in COLUMBUS zone.
7:39 of 2nd period - Shot by Vladimir Tarasenko.
7:39 of 2nd period - Shot Blocked by Erik Cernak.
7:45 of 2nd period - Shot by Claude Giroux.
7:45 of 2nd period - Shot Blocked by Ryan Murray.
8:15 of 2nd period - Shea Weber is hit by Erik Cernak.
8:36 of 2nd period - Matt Martin and Derek Grant fight to a draw.
8:36 of 2nd period - Penalty to Matt Martin for Fighting.
8:36 of 2nd period - Penalty to Derek Grant for Fighting.
8:37 of 2nd period - Steven Stamkos wins face-off versus Nicklas Backstrom in COLUMBUS zone.
8:44 of 2nd period - Shot by Steven Stamkos.
8:44 of 2nd period - Stopped by Sergei Bobrovsky without a rebound.
8:45 of 2nd period - Aleksander Barkov wins face-off versus Nicklas Backstrom in CAROLINA zone.
8:55 of 2nd period - Minor Penalty to Deryk Engelland for Roughing.
8:56 of 2nd period - Patrice Bergeron wins face-off versus Luke Kunin in CAROLINA zone.
8:56 of 2nd period - Patrice Bergeron is hit by Luke Kunin.
8:57 of 2nd period - Minor Penalty to Luke Kunin for High sticking.
8:58 of 2nd period - Patrice Bergeron wins face-off versus Aleksander Barkov in COLUMBUS zone.
9:03 of 2nd period - Shot by Patrice Bergeron.
9:03 of 2nd period - Stopped by Jordan Binnington without a rebound.
9:04 of 2nd period - Patrice Bergeron wins face-off versus Aleksander Barkov in COLUMBUS zone.
9:11 of 2nd period - Shot by Claude Giroux.
9:11 of 2nd period - Shot Misses the Net.
9:23 of 2nd period - Shot by Patrice Bergeron.
9:23 of 2nd period - Shot Blocked by Mattias Ekholm.
9:54 of 2nd period - Icing by Brent Burns.
9:55 of 2nd period - Steven Stamkos wins face-off versus Patrice Bergeron in CAROLINA zone.
10:02 of 2nd period - Shot by Steven Stamkos.
10:02 of 2nd period - Stopped by Sergei Bobrovsky without a rebound.
10:03 of 2nd period - Vladimir Tarasenko wins face-off versus Aleksander Barkov in CAROLINA zone.
10:08 of 2nd period - Sebastian Aho is hit by Anthony Beauvillier and loses puck.
11:01 of 2nd period - Shot by Cam Atkinson.
11:01 of 2nd period - Shot Misses the Net.
11:09 of 2nd period - Shot by Claude Giroux.
11:09 of 2nd period - Deflect By Adam Henrique.
11:09 of 2nd period - Shot Blocked by Erik Cernak.
11:13 of 2nd period - Shot by David Kampf.
11:13 of 2nd period - Stopped by Jordan Binnington without a rebound.
11:14 of 2nd period - Luke Kunin wins face-off versus Sam Lafferty in COLUMBUS zone.
11:29 of 2nd period - Shot by Patrice Bergeron.
11:29 of 2nd period - Goal by Patrice Bergeron - COLUMBUS : 1 - CAROLINA : 2.
11:30 of 2nd period - Adam Henrique wins face-off versus Sean Kuraly in neutral zone.
12:32 of 2nd period - Icing by Duncan Keith.
12:33 of 2nd period - Luke Kunin wins face-off versus David Kampf in CAROLINA zone.
12:38 of 2nd period - Shot by T.J. Oshie.
12:38 of 2nd period - Stopped by Sergei Bobrovsky without a rebound.
12:39 of 2nd period - Aleksander Barkov wins face-off versus Nicklas Backstrom in CAROLINA zone.
12:42 of 2nd period - Shot by Steven Stamkos.
12:42 of 2nd period - Shot Blocked by Shea Weber.
14:05 of 2nd period - Shot by Sebastian Aho.
14:05 of 2nd period - Stopped by Jordan Binnington without a rebound.
14:06 of 2nd period - Luke Kunin wins face-off versus David Kampf in COLUMBUS zone.
14:42 of 2nd period - Shot by T.J. Oshie.
14:42 of 2nd period - Shot Misses the Net.
15:17 of 2nd period - Icing by Duncan Keith.
15:18 of 2nd period - Derek Grant wins face-off versus David Kampf in CAROLINA zone.
15:19 of 2nd period - Shot by Erik Cernak.
15:19 of 2nd period - Shot Blocked by Matt Martin.
15:34 of 2nd period - Icing by Brent Burns.
15:35 of 2nd period - Sean Kuraly wins face-off versus Patrice Bergeron in CAROLINA zone.
16:15 of 2nd period - Shot by Claude Giroux.
16:15 of 2nd period - Stopped by Jordan Binnington without a rebound.
16:16 of 2nd period - Aleksander Barkov wins face-off versus Nicklas Backstrom in COLUMBUS zone.
16:33 of 2nd period - Shot by Aleksander Barkov.
16:33 of 2nd period - Stopped by Sergei Bobrovsky without a rebound.
16:34 of 2nd period - Sam Lafferty wins face-off versus Luke Kunin in CAROLINA zone.
16:34 of 2nd period - Sam Lafferty is hit by Jonathan Drouin.
17:06 of 2nd period - Shot by Patrice Bergeron.
17:06 of 2nd period - Shot Misses the Net.
17:35 of 2nd period - Steven Stamkos is hit by Sebastian Aho.
18:06 of 2nd period - Minor Penalty to Matt Martin for High sticking.
18:07 of 2nd period - Patrice Bergeron wins face-off versus Luke Kunin in CAROLINA zone.
18:07 of 2nd period - Patrice Bergeron is hit by Luke Kunin.
18:31 of 2nd period - Claude Giroux is hit by Luke Kunin and loses puck.
19:00 of 2nd period - Shot by John Carlson.
19:00 of 2nd period - Shot Blocked by Shea Weber.
19:02 of 2nd period - Shot by Mattias Ekholm.
19:02 of 2nd period - Shot Misses the Net.
19:04 of 2nd period - Shot by Mattias Ekholm.
19:04 of 2nd period - Stopped by Sergei Bobrovsky without a rebound.
19:05 of 2nd period - Patrice Bergeron wins face-off versus Luke Kunin in CAROLINA zone.
Goals for this period are 0 for COLUMBUS vs 1 for CAROLINA.
Shots for this period are 10 for COLUMBUS vs 9 for CAROLINA.

3rd period


0:01 of 3rd period - Aleksander Barkov wins face-off versus Patrice Bergeron in neutral zone.
0:39 of 3rd period - Shot by Matt Benning.
0:39 of 3rd period - Shot Misses the Net.
0:52 of 3rd period - Icing by Sebastian Aho.
0:53 of 3rd period - David Kampf wins face-off versus Aleksander Barkov in CAROLINA zone.
1:11 of 3rd period - Aleksander Barkov is hit by Shea Weber and loses puck.
1:24 of 3rd period - Shot by Anthony Beauvillier.
1:24 of 3rd period - Stopped by Sergei Bobrovsky with a rebound.
1:36 of 3rd period - Aleksander Barkov is hit by Patrice Bergeron and loses puck.
2:11 of 3rd period - Dominik Kubalik is hit by Jacob Trouba and loses puck.
2:19 of 3rd period - Icing by Jacob Trouba.
2:20 of 3rd period - Adam Henrique wins face-off versus Kaapo Kakko in COLUMBUS zone.
2:28 of 3rd period - Matt Martin is hit by Jacob Trouba and loses puck.
2:37 of 3rd period - Matt Martin is hit by Kaapo Kakko and loses puck.
2:58 of 3rd period - Minor Penalty to Matt Benning for Hooking.
2:59 of 3rd period - Patrice Bergeron wins face-off versus Luke Kunin in CAROLINA zone.
2:59 of 3rd period - Patrice Bergeron is hit by T.J. Oshie.
4:54 of 3rd period - Shot by T.J. Oshie.
4:54 of 3rd period - Shot Misses the Net.
5:02 of 3rd period - Shot by Patrice Bergeron.
5:02 of 3rd period - Stopped by Jordan Binnington without a rebound.
5:03 of 3rd period - Derek Grant wins face-off versus Nicklas Backstrom in COLUMBUS zone.
5:14 of 3rd period - Minor Penalty to Derek Grant for Hooking.
5:15 of 3rd period - Sean Kuraly wins face-off versus Dominik Kubalik in COLUMBUS zone.
5:15 of 3rd period - Sean Kuraly is hit by Alexander Radulov.
5:29 of 3rd period - Shot by Alexander Radulov.
5:29 of 3rd period - Stopped by Jordan Binnington without a rebound.
5:30 of 3rd period - Patrice Bergeron wins face-off versus Sean Kuraly in COLUMBUS zone.
7:27 of 3rd period - Ryan Murray is hit by Matt Martin and loses puck.
8:02 of 3rd period - John Carlson is hit by Matt Martin and loses puck.
8:44 of 3rd period - Icing by Brent Burns.
8:45 of 3rd period - Aleksander Barkov wins face-off versus Sam Lafferty in CAROLINA zone.
8:46 of 3rd period - Shot by Steven Stamkos.
8:46 of 3rd period - Stopped by Sergei Bobrovsky with a rebound.
8:48 of 3rd period - Shot by Aleksander Barkov.
8:48 of 3rd period - Shot Blocked by Sam Lafferty.
8:52 of 3rd period - Shot by Steven Stamkos.
8:52 of 3rd period - Stopped by Sergei Bobrovsky with a rebound.
8:54 of 3rd period - Shot by Jacob Trouba.
8:54 of 3rd period - Stopped by Sergei Bobrovsky with a rebound.
9:03 of 3rd period - Icing by Patrice Bergeron.
9:04 of 3rd period - Sean Kuraly wins face-off versus Patrice Bergeron in CAROLINA zone.
9:13 of 3rd period - Shot by Jack Roslovic.
9:13 of 3rd period - Stopped by Sergei Bobrovsky without a rebound.
9:14 of 3rd period - Aleksander Barkov wins face-off versus Dominik Kubalik in CAROLINA zone.
9:30 of 3rd period - Icing by Duncan Keith.
9:31 of 3rd period - Derek Grant wins face-off versus Nicklas Backstrom in CAROLINA zone.
9:42 of 3rd period - Shot by Dominik Kubalik.
9:42 of 3rd period - Shot Blocked by John Carlson.
9:45 of 3rd period - Icing by Mattias Ekholm.
9:46 of 3rd period - David Kampf wins face-off versus Derek Grant in COLUMBUS zone.
10:15 of 3rd period - Shot by Cam Atkinson.
10:15 of 3rd period - Stopped by Sergei Bobrovsky without a rebound.
10:16 of 3rd period - Aleksander Barkov wins face-off versus Dominik Kubalik in CAROLINA zone.
10:21 of 3rd period - Shot by Aleksander Barkov.
10:21 of 3rd period - Shot Blocked by Shea Weber.
11:08 of 3rd period - Icing by Shea Weber.
11:09 of 3rd period - Luke Kunin wins face-off versus Nicklas Backstrom in CAROLINA zone.
12:01 of 3rd period - Shea Weber is hit by Derek Grant and loses puck.
12:06 of 3rd period - Brent Burns is hit by Derek Grant and loses puck.
12:19 of 3rd period - Shot by Derek Grant.
12:19 of 3rd period - Stopped by Sergei Bobrovsky with a rebound.
12:31 of 3rd period - Shot by Cam Atkinson.
12:31 of 3rd period - Stopped by Sergei Bobrovsky without a rebound.
12:32 of 3rd period - Aleksander Barkov wins face-off versus Patrice Bergeron in CAROLINA zone.
12:50 of 3rd period - Claude Giroux is hit by Ben Chiarot and loses puck.
13:57 of 3rd period - Shot by Mattias Ekholm.
13:57 of 3rd period - Shot Misses the Net.
14:19 of 3rd period - Shot by T.J. Oshie.
14:19 of 3rd period - Shot Misses the Net.
15:12 of 3rd period - Shot by Kaapo Kakko.
15:12 of 3rd period - Goal by Kaapo Kakko - COLUMBUS : 2 - CAROLINA : 2.
15:13 of 3rd period - Aleksander Barkov wins face-off versus Sam Lafferty in neutral zone.
16:27 of 3rd period - Shot by Nicklas Backstrom.
16:27 of 3rd period - Stopped by Jordan Binnington with a rebound.
17:34 of 3rd period - Shot by T.J. Oshie.
17:34 of 3rd period - Shot Blocked by Claude Giroux.
17:36 of 3rd period - Shot by Erik Cernak.
17:36 of 3rd period - Stopped by Sergei Bobrovsky without a rebound.
17:37 of 3rd period - Aleksander Barkov wins face-off versus Adam Henrique in CAROLINA zone.
17:37 of 3rd period - John Carlson is hit by Shea Weber and loses puck.
17:48 of 3rd period - Shot by Aleksander Barkov.
17:48 of 3rd period - Stopped by Sergei Bobrovsky without a rebound.
17:49 of 3rd period - Sean Kuraly wins face-off versus Sam Lafferty in CAROLINA zone.
19:11 of 3rd period - Shot by Anthony Beauvillier.
19:11 of 3rd period - Stopped by Sergei Bobrovsky without a rebound.
19:12 of 3rd period - Luke Kunin wins face-off versus David Kampf in CAROLINA zone.
19:32 of 3rd period - T.J. Oshie is hit by Brent Burns and loses puck.
19:48 of 3rd period - Double Minor Penalty to Jacob Trouba for High sticking.
19:49 of 3rd period - Nicklas Backstrom wins face-off versus Derek Grant in COLUMBUS zone.
Goals for this period are 1 for COLUMBUS vs 0 for CAROLINA.
Shots for this period are 12 for COLUMBUS vs 3 for CAROLINA.

Overtime #1


0:01 of 1st overtime period - Patrice Bergeron wins face-off versus Derek Grant in neutral zone.
0:59 of 1st overtime period - Vladimir Tarasenko is hit by Ben Chiarot and loses puck.
1:17 of 1st overtime period - Shot by Vladimir Tarasenko.
1:17 of 1st overtime period - Shot Blocked by Ben Chiarot.
1:19 of 1st overtime period - Shot by Deryk Engelland.
1:19 of 1st overtime period - Shot Blocked by Ryan Murray.
1:21 of 1st overtime period - Shot by Duncan Keith.
1:21 of 1st overtime period - Shot Misses the Net.
1:27 of 1st overtime period - Shot by Nicklas Backstrom.
1:27 of 1st overtime period - Stopped by Jordan Binnington without a rebound.
1:28 of 1st overtime period - Patrice Bergeron wins face-off versus Sean Kuraly in COLUMBUS zone.
2:19 of 1st overtime period - Shot by Nicklas Backstrom.
2:19 of 1st overtime period - Shot Misses the Net.
3:59 of 1st overtime period - Shot by Jack Roslovic.
3:59 of 1st overtime period - Shot Misses the Net.
4:01 of 1st overtime period - Shot by Marcus Sorensen.
4:01 of 1st overtime period - Shot Blocked by David Kampf.
4:03 of 1st overtime period - Shot by Jacob Trouba.
4:03 of 1st overtime period - Shot Misses the Net.
4:09 of 1st overtime period - Shot by Marcus Sorensen.
4:09 of 1st overtime period - Shot Misses the Net.
4:11 of 1st overtime period - Shot by Jacob Trouba.
4:11 of 1st overtime period - Stopped by Sergei Bobrovsky without a rebound.
4:12 of 1st overtime period - Claude Giroux wins face-off versus Aleksander Barkov in CAROLINA zone.
4:32 of 1st overtime period - Shot by David Kampf.
4:32 of 1st overtime period - Stopped by Jordan Binnington with a rebound.
4:35 of 1st overtime period - Icing by Jacob Trouba.
4:36 of 1st overtime period - Aleksander Barkov wins face-off versus David Kampf in COLUMBUS zone.
4:45 of 1st overtime period - Shot by Dominik Kubalik.
4:45 of 1st overtime period - Deflect By David Kampf.
4:45 of 1st overtime period - Shot Misses the Net.
4:47 of 1st overtime period - Shot by David Kampf.
4:47 of 1st overtime period - Shot Misses the Net.
Goals for this period are 0 for COLUMBUS vs 0 for CAROLINA.
Shots for this period are 1 for COLUMBUS vs 2 for CAROLINA.

ShootOut


5:00 of 1st overtime period - Round #1.
5:00 of 1st overtime period - COLUMBUS, Aleksander Barkov.
5:00 of 1st overtime period - Goal by Aleksander Barkov.
5:00 of 1st overtime period - CAROLINA, Patrice Bergeron.
5:00 of 1st overtime period - Stopped by Jordan Binnington.
5:00 of 1st overtime period - Round #2.
5:00 of 1st overtime period - COLUMBUS, Steven Stamkos.
5:00 of 1st overtime period - Stopped by Sergei Bobrovsky.
5:00 of 1st overtime period - CAROLINA, Claude Giroux.
5:00 of 1st overtime period - Goal by Claude Giroux.
5:00 of 1st overtime period - Round #3.
5:00 of 1st overtime period - COLUMBUS, T.J. Oshie.
5:00 of 1st overtime period - Goal by T.J. Oshie.
5:00 of 1st overtime period - CAROLINA, Nicklas Backstrom.
5:00 of 1st overtime period - Stopped by Jordan Binnington.